 Dungeon Crawl Stone Soup version 0.31-a0-210-gccc998df9b (webtiles) character file.

Game seed: 9127576132847387319

40273 qw the Cleaver (level 14, -5/90 HPs)
             Began as a Gargoyle Fighter on June 29, 2023.
             Was an Elder of Okawaru.
             Slain by a death yak (17 damage)
             ... on level 4 of the Lair of Beasts.
             The game lasted 00:10:53 (16179 turns).

qw the Cleaver (Gargoyle Fighter)                  Turns: 16179, Time: 00:10:54

Health: -5/90      AC: 38    Str: 26    XL:     14   Next: 10%
Magic:  18/21      EV: 10    Int:  8    God:    Okawaru [****..]
Gold:   770        SH:  6    Dex:  9    Spells: 13/13 levels left

rFire   . . .        Y - +3 broad axe
rCold   . . .        c - +0 buckler
rNeg    + . .        h - +0 plate armour
rPois   inf          i - +2 helmet
rElec   +            g - +0 cloak
rCorr   .            (no gloves)
SInv    +            f - +0 pair of boots
Will    +....        x - amulet of faith Stlth
                     a - +4 ring of protection
HPRegen 0.35/turn    l - ring of see invisible
MPRegen 0.17/turn

%: faith
@: heroic, flying
A: sickness immunity, AC +10, big wings, negative energy resistance 1,
electricity resistance, torment resistance 1, petrification resistance
a: Renounce Religion, Heroism, Finesse


You were on level 4 of the Lair of Beasts.
You worshipped Okawaru.
Okawaru was greatly pleased with you.
You visited 3 branches of the dungeon, and saw 16 of its levels.
You also visited: Ossuary.

You collected 1023 gold pieces.
You spent 253 gold pieces at shops.


Innate Abilities, Weirdness & Mutations

You are immune to sickness and miasma.
Your stone body is resilient. (AC +10)
You are immune to poison.
Your large and strong wings let you fly.
You resist negative energy. (rN+)
You are resistant to electric shocks. (rElec)
You are resistant to unholy torment.
You are immune to petrification.


   Skills:
 - Level 11.0(16.0) Fighting
 + Level 14.8(19.8) Axes
 - Level 4.0(9.0) Throwing
 - Level 10.1(15.1) Armour
 - Level 2.3(7.3) Dodging
 - Level 7.2(12.2) Shields
 + Level 9.5 Invocations


You had 13 spell levels left.
You didn't know any spells.
Your spell library was empty.

Inventory:

Hand Weapons
 o - a +1 morningstar of protection
 Y - a +3 broad axe (weapon)
Missiles
 y - a boomerang (quivered)
Armour
 c - a +0 buckler (worn)
 f - a +0 pair of boots (worn)
 g - a +0 cloak (worn)
 h - a +0 plate armour (worn)
 i - a +2 helmet (worn)
 q - a +2 scale mail of fire resistance
 A - a +3 scale mail of cold resistance
Jewellery
 a - a +4 ring of protection (left hand)
 j - a ring of protection from fire
 l - a ring of see invisible (right hand)
 m - a ring of resist corrosion
 p - a ring of protection from cold
 s - a ring of willpower
 x - an amulet of faith (around neck)
 C - the amulet of the Four Winds {rN+ Will+++ Clar}
   (You found it on level 1 of the Lair of Beasts)

   [amulet of nothing]

   rN:        It protects you from negative energy.
   Clar:      It protects you from confusion, rage, mesmerisation and fear.
   Will:      It greatly increases your willpower.
Scrolls
 t - 7 scrolls of identify
 B - a scroll of teleportation
Potions
 b - 2 potions of curing
 d - 2 potions of might
 e - 3 potions of magic
 k - 3 potions of enlightenment
 n - 3 potions of attraction
 r - 3 potions of resistance
 v - a potion of heal wounds
 w - 3 potions of lignification

Dungeon Overview and Level Annotations

Branches:
Dungeon (11/15)            Temple (1/1) D:6            Lair (4/5) D:11
 Shoals (0/4) Lair:3        Snake (0/4) Lair:2      Ossuary (visited)
  Slime: Lair:4-5       Orc: D:9-12

Altars:
Ashenzari
Cheibriados
Dithmenos
Elyvilon
Fedhas
Gozag
Hepliaklqana
Kikubaaqudgha
Makhleb
Nemelex Xobeh
Okawaru
Qazlal
Ru
Sif Muna
Trog
Uskayaw
Vehumet
Wu Jian
Xom
Yredelemnul
Zin
The Shining One

Shops:
D:6 ([(   D:10 [   D:11 !

Portals:
Trove: D:11 (give +2 gold dragon scales)

Annotations:
D:3 1 runed translucent door, Crazy Yiuf
D:10 exclusions: 3 orcs and orc wizard
D:11 2 transporters
Lair:3 3 runed translucent doors, qw's ghost, journeyman GrFi


Message History

The death yak gores you but does no damage. x2
You slash the death yak!
The death yak is heavily wounded.
You barely miss the death yak. You hit the yak. You barely miss the death yak.
You slice the death yak!!
The death yak is severely wounded.
You slash the death yak! You slash the yak! You hit the death yak.
The yak gores you but does no damage.
The death yak gores you but does no damage.
The death yak gores you! You block the death yak's attack.
You slice the death yak!!
You kill the death yak!
Okawaru accepts your kill.
You hit the death yak but do no damage. You barely miss the death yak.
You hit the yak.
The death yak gores you but does no damage.
The death yak barely misses you. The yak gores you but does no damage.
You barely miss the yak.
The yak is severely wounded.
You hit the yak but do no damage. You slash the death yak! x2
The death yak gores you but does no damage.
The yak gores you but does no damage. The death yak gores you.
The yak gores you but does no damage.
You slash the death yak!
The death yak is almost dead.
You slice the yak!! You slash the yak!
You kill the yak!
Okawaru accepts your kill.
You hit the death yak. You hit the death yak.
The death yak is almost dead.
You slash the death yak! You hit the yak. The yak gores you but does no damage.
The death yak gores you! x2
You barely miss the death yak.
The death yak is almost dead.
You hit the yak but do no damage. You barely miss the yak.
You barely miss the death yak. The yak gores you but does no damage.
The death yak gores you!! The yak gores you but does no damage.
The death yak gores you!
You die...

.....P..#..###....#
..................#
..................# .
..................# ..
..................##.P.
...#.#...............#.
.. ###....#.#.........#
. #####..####YY.(##...
###..##...# #@##.#
..........###YY#.PY
...................Y.Y
...##............##(.Y.
#..####.....###### #.#.
.....#..:...# .Y
............#
............#
............#


You could see 2 death yaks and 2 yaks.

Vanquished Creatures
  2 two-headed ogres
  10 death yaks
  Urug (D:11)
  A skyshark (Lair:2)
  4 oklob plants (Lair:1)
  2 cyclopes (D:11)
  A black mamba (Lair:3)
  Joseph (Lair:1)
  3 cane toads
  Maggie (D:7)
  An unseen horror (D:11)
  5 rime drakes
  5 komodo dragons
  A troll (D:11)
  3 polar bears
  10 blink frogs
  3 hornets
  Prince Ribbit (D:7)
  Sigmund (D:5)
  2 wyverns (Lair:3)
  A wraith (D:9)
  3 basilisks
  28 yaks
  A vampire (D:9)
  4 steam dragons
  An acid dragon (D:10)
  Duvessa (D:5)
  10 water moccasins
  3 black bears
  6 orc warriors
  An ice beast (D:7)
  2 sky beasts
  6 wolves
  An ogre (D:5)
  4 centaurs
  A phantom (D:4)
  4 kobold brigands
  An elf zombie (Ossuary)
  A gnoll sergeant (D:8)
  2 scorpions (D:5)
  13 bullfrogs
  A wight (D:8)
  Dowan (D:5)
  A killer bee (D:8)
  4 electric eels
  5 howler monkeys
  2 jellies
  A centaur zombie (Ossuary)
  2 gnoll boudas
  10 orc priests
  5 hounds
  2 human zombies (Ossuary)
  3 sleepcaps
  Jessica (D:2)
  4 iguanas
  18 orc wizards
  A hell rat (D:11)
  3 hound zombies (Ossuary)
  3 mummies (Ossuary)
  18 gnolls
  3 adders
  2 river rats (D:11)
  2 shadow imps (D:6)
  2 white imps
  2 ufetubi (D:5)
  2 adder zombies (Ossuary)
  5 worms
  2 dart slugs (D:1)
  45 orcs
  8 ball pythons
  8 endoplasms
  4 giant cockroaches
  2 hobgoblins
  13 jackals
  9 quokkas
  2 bats (D:1)
  2 frilled lizards (D:1)
  10 goblins
  10 goblin zombies
  3 hobgoblin zombies (Ossuary)
  A jackal zombie (Ossuary)
  15 kobolds
  2 orc zombies (Ossuary)
  2 quokka zombies (Ossuary)
  8 rats
  10 rat zombies
411 creatures vanquished.

Vanquished Creatures (others)
  A goblin (D:4)
1 creature vanquished.

Grand Total: 412 creatures vanquished

Notes
Turn   | Place    | Note
-------+----------+-------------------------------------------
     0 | D:1      | qw the Gargoyle Fighter began the quest for the Orb.
     0 | D:1      | Reached XP level 1. HP: 14/14 MP: 1/1
     0 | D:1      | 0 ||| qw: Version: 0.3-a-24-ga2abf7b
     0 | D:1      | 0 ||| qw: Game counter: 6802
     0 | D:1      | 0 ||| qw: Melee chars always use a shield: true
     0 | D:1      | 0 ||| qw: God list: Okawaru
     0 | D:1      | 0 ||| qw: Allow faded altars: false
     0 | D:1      | 0 ||| qw: Do Orc after clearing Dungeon:15 true
     0 | D:1      | 0 ||| qw: Do second Lair branch before Depths: true
     0 | D:1      | 0 ||| qw: Lair rune preference: random
     0 | D:1      | 0 ||| qw: Goals: Normal, Zot:1-4, Slime:5, God:TSO, Crypt,
                  | Tomb, Abyss, Pan, Hells, Win
     0 | D:1      | 0 ||| PLANNING D:1-11
    50 | D:1      | 50 ||| Stepping ~*~*~tactically~*~*~ (stealth).
    56 | D:1      | Reached skill level 2 in Axes
   101 | D:1      | Reached XP level 2. HP: 19/19 MP: 2/2
   199 | D:1      | 199 ||| Stepping ~*~*~tactically~*~*~ (hiding).
   323 | D:1      | 323 ||| Stepping ~*~*~tactically~*~*~ (stealth).
   403 | D:1      | Reached skill level 3 in Axes
   413 | D:1      | Reached XP level 3. HP: 8/23 MP: 3/3
   488 | D:1      | 488 ||| DROPPING +0 club.
   512 | D:1      | 512 ||| Stepping ~*~*~tactically~*~*~ (stealth).
   513 | D:1      | 513 ||| Stepping ~*~*~tactically~*~*~ (stealth).
   514 | D:1      | 514 ||| Stepping ~*~*~tactically~*~*~ (stealth).
   529 | D:1      | 529 ||| Stepping ~*~*~tactically~*~*~ (stealth).
   714 | D:1      | 714 ||| UPGRADING to +0 pair of boots.
   719 | D:1      | 719 ||| UPGRADING to +0 helmet.
   724 | D:1      | 724 ||| READING scroll labelled YVYTUT XOAF.
   725 | D:1      | 725 ||| READING scroll labelled WAREHOAMNE.
   728 | D:1      | 728 ||| READING scroll labelled XILU KIWUSTIF.
   729 | D:1      | 729 ||| DRINKING 2 puce potions.
   730 | D:1      | 730 ||| DRINKING 2 lumpy coppery potions.
   748 | D:2      | Noticed Jessica
   761 | D:2      | Killed Jessica
   762 | D:2      | Reached XP level 4. HP: 28/28 MP: 4/4
   766 | D:2      | Reached skill level 4 in Axes
   835 | D:2      | 835 ||| Stepping ~*~*~tactically~*~*~ (stealth).
   987 | D:2      | 987 ||| Stepping ~*~*~tactically~*~*~ (stealth).
  1431 | D:2      | 1431 ||| UPGRADING to +4 ring of protection.
  1432 | D:2      | 1432 ||| READING scroll labelled AFUANLE GUORUA.
  1433 | D:2      | 1433 ||| READING scroll labelled ESTRYA TIFAD.
  1434 | D:2      | 1434 ||| READING scroll labelled JAZ DEWKUERADEV.
  1452 | D:2      | 1452 ||| READING scroll labelled QEAGGO BAYGANI.
  1480 | D:3      | Found an ancient bone altar of Kikubaaqudgha.
  1508 | D:3      | 1508 ||| UPGRADING to +1 ring mail of fire resistance.
  1516 | D:3      | 1516 ||| UPGRADING to +0 scale mail.
  1521 | D:3      | 1521 ||| UPGRADING to +1 ring mail of fire resistance.
  1547 | D:3      | Found a burning altar of Makhleb.
  1600 | D:3      | 1600 ||| Stepping ~*~*~tactically~*~*~ (stealth).
  1621 | D:3      | 1621 ||| DROPPING +0 whip.
  1646 | D:3      | Reached XP level 5. HP: 32/32 MP: 5/5
  1704 | D:3      | Found a glowing silver altar of Zin.
  1815 | D:3      | Found a shimmering blue altar of Sif Muna.
  1818 | D:3      | 1818 ||| READING scroll labelled WALAHIA QUGUS.
  1822 | D:3      | 1822 ||| DRINKING 2 orange potions.
  1823 | D:3      | 1823 ||| Stepping ~*~*~tactically~*~*~ (hiding).
  1833 | D:3      | Reached skill level 1 in Throwing
  2031 | D:3      | HP: 7/32 [gnoll/+0 spear (8)]
  2032 | D:3      | 2032 ||| READING 2 scrolls of teleportation.
  2033 | D:3      | 2033 ||| DRINKING potion of heal wounds.
  2037 | D:3      | 2037 ||| Stepping ~*~*~tactically~*~*~ (hiding).
  2045 | D:3      | Reached skill level 5 in Axes
  2239 | D:3      | Found a runed translucent door.
  2240 | D:3      | Noticed Crazy Yiuf
  2267 | D:3      | Found a hazy altar of Hepliaklqana.
  2347 | D:3      | Reached skill level 1 in Dodging
  2347 | D:3      | Reached XP level 6. HP: 37/37 MP: 6/6
  2437 | D:3      | 2437 ||| READING scroll labelled CASHREBB YGGOVU.
  2588 | D:4      | Noticed a steam dragon
  2589 | D:4      | 2589 ||| Stepping ~*~*~tactically~*~*~ (stealth).
  2610 | D:4      | HP: 8/38 [phantom (6)]
  2611 | D:4      | 2611 ||| READING scroll of teleportation.
  2612 | D:4      | Killed a steam dragon
  2616 | D:4      | HP: 9/40 [constriction (1)]
  2648 | D:4      | 2648 ||| Stepping ~*~*~tactically~*~*~ (hiding).
  2656 | D:4      | Reached XP level 7. HP: 19/44 MP: 7/7
  3016 | D:4      | 3016 ||| Stepping ~*~*~tactically~*~*~ (stealth).
  3019 | D:4      | 3019 ||| Stepping ~*~*~tactically~*~*~ (hiding).
  3054 | D:4      | Found a sparkling altar of Nemelex Xobeh.
  3228 | D:4      | 3228 ||| DROPPING +0 scale mail.
  3229 | D:4      | 3229 ||| UPGRADING to +0 chain mail.
  3239 | D:4      | 3239 ||| DROPPING ring of flight.
  3240 | D:4      | 3240 ||| READING scroll labelled BUPHUI IVUSU.
  3241 | D:4      | 3241 ||| READING scroll labelled KUITO UBUMM.
  3275 | D:5      | Entered Level 5 of the Dungeon
  3278 | D:5      | Reached skill level 6 in Axes
  3372 | D:5      | 3372 ||| Stepping ~*~*~tactically~*~*~ (stealth).
  3374 | D:5      | Noticed Sigmund
  3399 | D:5      | HP: 10/44 [something (3)]
  3406 | D:5      | HP: 3/44 [something (9)]
  3413 | D:5      | 3413 ||| Stepping ~*~*~tactically~*~*~ (stealth).
  3416 | D:5      | 3416 ||| Stepping ~*~*~tactically~*~*~ (stealth).
  3418 | D:5      | 3418 ||| READING scroll of teleportation.
  3424 | D:5      | HP: 6/44 [ufetubus (3)]
  3425 | D:5      | HP: 2/44 [ufetubus (4)]
  3433 | D:5      | 3433 ||| FLEEEEING.
  3434 | D:5      | 3434 ||| FLEEEEING.
  3435 | D:5      | 3435 ||| FLEEEEING.
  3436 | D:5      | 3436 ||| STAIRDANCE
  3577 | D:4      | 3577 ||| UPGRADING to ring of protection from cold.
  3586 | D:5      | Reached skill level 7 in Axes
  3586 | D:5      | Reached XP level 8. HP: 47/49 MP: 8/8
  3613 | D:5      | 3613 ||| Stepping ~*~*~tactically~*~*~ (stealth).
  3615 | D:5      | 3615 ||| Stepping ~*~*~tactically~*~*~ (hiding).
  3617 | D:5      | 3617 ||| Stepping ~*~*~tactically~*~*~ (hiding).
  3619 | D:5      | 3619 ||| Stepping ~*~*~tactically~*~*~ (hiding).
  3620 | D:5      | 3620 ||| Stepping ~*~*~tactically~*~*~ (hiding).
  3621 | D:5      | 3621 ||| Stepping ~*~*~tactically~*~*~ (hiding).
  3622 | D:5      | 3622 ||| Stepping ~*~*~tactically~*~*~ (hiding).
  3623 | D:5      | 3623 ||| Stepping ~*~*~tactically~*~*~ (hiding).
  3953 | D:5      | Noticed Duvessa
  3956 | D:5      | Noticed Dowan
  3959 | D:5      | 3959 ||| Stepping ~*~*~tactically~*~*~ (water).
  3970 | D:5      | Killed Duvessa
  3974 | D:5      | Killed Dowan
  3997 | D:5      | Killed Sigmund
  3998 | D:5      | Reached skill level 8 in Axes
  4015 | D:5      | 4015 ||| Stepping ~*~*~tactically~*~*~ (water).
  4351 | D:5      | 4351 ||| UPGRADING to ring of see invisible.
  4353 | D:5      | 4353 ||| DRINKING 2 golden potions.
  4457 | D:5      | 4457 ||| DROPPING potion of berserk rage.
  4471 | D:6      | Found Satylos's Weapon Shop.
  4575 | D:6      | 4575 ||| READING scroll of enchant armour.
  4575 | D:6      | 4575 ||| ENCHANTING +0 helmet.
  4593 | D:6      | Found Edy Juis's Weapon Emporium.
  4594 | D:6      | 4594 ||| Stepping ~*~*~tactically~*~*~ (hiding).
  4595 | D:6      | 4595 ||| Stepping ~*~*~tactically~*~*~ (hiding).
  4597 | D:6      | 4597 ||| Stepping ~*~*~tactically~*~*~ (hiding).
  4692 | D:6      | Found Nyfyoc's Antique Armour Boutique.
  4700 | D:6      | 4700 ||| BUYING cloak (99 gold).
  4700 | D:6      | Bought a cloak for 99 gold pieces
  4700 | D:6      | 4700 ||| SHOPLISTING polished scale mail (198 gold, have
                  | 159).
  4700 | D:6      | 4700 ||| BUYING runed scale mail (154 gold).
  4700 | D:6      | Bought a runed scale mail for 154 gold pieces
  4721 | D:6      | Reached skill level 6 in Fighting
  4729 | D:6      | Found a staircase to the Ecumenical Temple.
  4730 | D:6      | 4730 ||| PLANNING TEMPLE
  4730 | D:6      | 4730 ||| UPGRADING to +0 cloak.
  4735 | D:6      | 4735 ||| DROPPING +1 ring mail of fire resistance.
  4736 | D:6      | 4736 ||| UPGRADING to +2 scale mail of fire resistance.
  4751 | Temple   | Entered the Ecumenical Temple
  4817 | Temple   | 4817 ||| PLANNING D:1-11
  4895 | D:6      | Reached XP level 9. HP: 45/55 MP: 9/9
  5137 | D:7      | 5137 ||| Stepping ~*~*~tactically~*~*~ (hiding).
  5150 | D:7      | Reached skill level 9 in Axes
  5159 | D:7      | Noticed Maggie
  5173 | D:7      | Killed Maggie
  5206 | D:7      | 5206 ||| Stepping ~*~*~tactically~*~*~ (hiding).
  5249 | D:7      | 5249 ||| Stepping ~*~*~tactically~*~*~ (hiding).
  5251 | D:7      | 5251 ||| Stepping ~*~*~tactically~*~*~ (hiding).
  5262 | D:7      | 5262 ||| FLEEEEING.
  5263 | D:7      | 5263 ||| FLEEEEING.
  5264 | D:7      | 5264 ||| FLEEEEING.
  5265 | D:7      | 5265 ||| FLEEEEING.
  5266 | D:7      | 5266 ||| FLEEEEING.
  5267 | D:7      | 5267 ||| FLEEEEING.
  5268 | D:7      | 5268 ||| FLEEEEING.
  5269 | D:7      | 5269 ||| FLEEEEING.
  5270 | D:7      | 5270 ||| FLEEEEING.
  5271 | D:7      | 5271 ||| FLEEEEING.
  5272 | D:7      | 5272 ||| FLEEEEING.
  5272 | D:7      | Noticed Prince Ribbit
  5273 | D:7      | 5273 ||| Stepping ~*~*~tactically~*~*~ (hiding).
  5304 | D:7      | HP: 14/57 [Prince Ribbit (3)]
  5305 | D:7      | 5305 ||| DRINKING potion of heal wounds.
  5310 | D:7      | HP: 3/57 [Prince Ribbit (12)]
  5314 | D:7      | Killed Prince Ribbit
  5320 | D:7      | 5320 ||| FLEEEEING.
  5321 | D:7      | 5321 ||| FLEEEEING.
  5322 | D:7      | 5322 ||| FLEEEEING.
  5323 | D:7      | 5323 ||| FLEEEEING.
  5324 | D:7      | 5324 ||| FLEEEEING.
  5325 | D:7      | 5325 ||| FLEEEEING.
  5327 | D:7      | 5327 ||| FLEEEEING.
  5328 | D:7      | 5328 ||| FLEEEEING.
  5329 | D:7      | 5329 ||| FLEEEEING.
  5330 | D:7      | 5330 ||| FLEEEEING.
  5331 | D:7      | 5331 ||| FLEEEEING.
  5332 | D:7      | 5332 ||| STAIRDANCE
  5505 | D:7      | 5505 ||| STAIRDANCE
  5546 | D:6      | 5546 ||| READING scroll of enchant armour.
  5546 | D:6      | 5546 ||| ENCHANTING +1 helmet.
  5547 | D:6      | 5547 ||| UPGRADING to +0 plate armour.
  5557 | D:6      | 5557 ||| DROPPING +0 chain mail.
  5595 | D:7      | 5595 ||| Stepping ~*~*~tactically~*~*~ (stealth).
  5598 | D:7      | 5598 ||| Stepping ~*~*~tactically~*~*~ (hiding).
  5600 | D:7      | 5600 ||| Stepping ~*~*~tactically~*~*~ (hiding).
  5663 | D:7      | 5663 ||| FLEEEEING.
  5664 | D:7      | 5664 ||| FLEEEEING.
  5665 | D:7      | 5665 ||| FLEEEEING.
  5666 | D:7      | 5666 ||| FLEEEEING.
  5667 | D:7      | 5667 ||| FLEEEEING.
  5668 | D:7      | 5668 ||| FLEEEEING.
  5669 | D:7      | 5669 ||| FLEEEEING.
  5670 | D:7      | 5670 ||| FLEEEEING.
  5671 | D:7      | 5671 ||| FLEEEEING.
  5672 | D:7      | 5672 ||| FLEEEEING.
  5673 | D:7      | 5673 ||| FLEEEEING.
  5674 | D:7      | 5674 ||| FLEEEEING.
  5675 | D:7      | 5675 ||| FLEEEEING.
  5676 | D:7      | 5676 ||| FLEEEEING.
  5677 | D:7      | 5677 ||| FLEEEEING.
  5678 | D:7      | 5678 ||| FLEEEEING.
  5679 | D:7      | 5679 ||| STAIRDANCE
  5748 | D:6      | 5748 ||| READING scroll labelled NEYMER HOXT.
  5757 | D:7      | Reached skill level 6 in Armour
  5759 | D:7      | Reached skill level 10 in Axes
  5844 | D:7      | Found an iron altar of Okawaru.
  5845 | D:7      | 5845 ||| PLANNING OKAWARU WORSHIP
  5845 | D:7      | 5845 ||| SWAPPING to +0 broad axe.
  5846 | D:7      | 5846 ||| DROPPING +1 war axe.
  5854 | D:7      | Became a worshipper of Warmaster Okawaru
  5855 | D:7      | 5855 ||| PLANNING D:1-11
  5984 | D:7      | Found a glowing golden altar of the Shining One.
  6019 | D:7      | 6019 ||| DRINKING 2 brown potions.
  6029 | D:8      | 6029 ||| PLANNING OSSUARY
  6139 | D:8      | 6139 ||| Stepping ~*~*~tactically~*~*~ (hiding).
  6146 | D:8      | 6146 ||| Stepping ~*~*~tactically~*~*~ (hiding).
  6156 | D:8      | 6156 ||| Stepping ~*~*~tactically~*~*~ (hiding).
  6398 | D:8      | Reached XP level 10. HP: 50/63 MP: 10/10
  6461 | D:8      | 6461 ||| Stepping ~*~*~tactically~*~*~ (hiding).
  6462 | D:8      | 6462 ||| Stepping ~*~*~tactically~*~*~ (stealth).
  6463 | D:8      | 6463 ||| Stepping ~*~*~tactically~*~*~ (hiding).
  6465 | D:8      | 6465 ||| Stepping ~*~*~tactically~*~*~ (stealth).
  6466 | D:8      | 6466 ||| Stepping ~*~*~tactically~*~*~ (hiding).
  6507 | D:8      | 6507 ||| Stepping ~*~*~tactically~*~*~ (stealth).
  6509 | D:8      | 6509 ||| Stepping ~*~*~tactically~*~*~ (stealth).
  6510 | D:8      | 6510 ||| Stepping ~*~*~tactically~*~*~ (stealth).
  6592 | D:8      | Found a sand-covered staircase.
  6593 | D:8      | 6593 ||| DROPPING +6 ring of intelligence.
  6594 | D:8      | 6594 ||| READING 2 scrolls of identify.
  6594 | D:8      | 6594 ||| IDENTIFYING red potion
  6596 | D:8      | 6596 ||| Stepping ~*~*~tactically~*~*~ (stealth).
  6597 | D:8      | 6597 ||| Stepping ~*~*~tactically~*~*~ (stealth).
  6608 | Ossuary  | Entered an ossuary
  6616 | Ossuary  | 6616 ||| Stepping ~*~*~tactically~*~*~ (stealth).
  6617 | Ossuary  | 6617 ||| Stepping ~*~*~tactically~*~*~ (stealth).
  6621 | Ossuary  | 6621 ||| Stepping ~*~*~tactically~*~*~ (stealth).
  6629 | Ossuary  | 6629 ||| Stepping ~*~*~tactically~*~*~ (stealth).
  6630 | Ossuary  | 6630 ||| Stepping ~*~*~tactically~*~*~ (stealth).
  6642 | Ossuary  | 6642 ||| Stepping ~*~*~tactically~*~*~ (stealth).
  6643 | Ossuary  | 6643 ||| Stepping ~*~*~tactically~*~*~ (stealth).
  6645 | Ossuary  | 6645 ||| Stepping ~*~*~tactically~*~*~ (stealth).
  6729 | Ossuary  | 6729 ||| READING scroll of enchant weapon.
  6729 | Ossuary  | 6729 ||| ENCHANTING +0 broad axe.
  6903 | Ossuary  | 6903 ||| Stepping ~*~*~tactically~*~*~ (stealth).
  6905 | Ossuary  | 6905 ||| Stepping ~*~*~tactically~*~*~ (stealth).
  6907 | Ossuary  | 6907 ||| Stepping ~*~*~tactically~*~*~ (stealth).
  6917 | Ossuary  | Reached * piety under Okawaru
  6946 | Ossuary  | 6946 ||| DRINKING 3 coppery potions.
  6947 | Ossuary  | 6947 ||| READING 2 scrolls of identify.
  6947 | Ossuary  | 6947 ||| IDENTIFYING fizzy blue potion
  6948 | Ossuary  | 6948 ||| DROPPING 2 potions of degeneration.
  6977 | D:8      | 6977 ||| PLANNING D:1-11
  7025 | D:8      | Found a hide-covered altar of Uskayaw.
  7055 | D:8      | 7055 ||| READING scroll of enchant weapon.
  7055 | D:8      | 7055 ||| ENCHANTING +1 broad axe.
  7118 | D:8      | 7118 ||| Stepping ~*~*~tactically~*~*~ (hiding).
  7119 | D:8      | Noticed a two-headed ogre
  7120 | D:8      | 7120 ||| INVOKING Heroism.
  7131 | D:8      | Killed a two-headed ogre
  7260 | D:8      | 7260 ||| Stepping ~*~*~tactically~*~*~ (hiding).
  7271 | D:8      | Reached skill level 1 in Invocations
  7273 | D:8      | Reached ** piety under Okawaru
  7420 | D:8      | 7420 ||| Stepping ~*~*~tactically~*~*~ (stealth).
  7422 | D:8      | 7422 ||| Stepping ~*~*~tactically~*~*~ (stealth).
  7424 | D:8      | 7424 ||| INVOKING Heroism.
  7438 | D:8      | Reached skill level 3 in Throwing
  7571 | D:8      | 7571 ||| UPGRADING to amulet of faith.
  7690 | D:9      | Found a bloodstained altar of Trog.
  7718 | D:9      | 7718 ||| Stepping ~*~*~tactically~*~*~ (stealth).
  7720 | D:9      | 7720 ||| INVOKING Heroism.
  7732 | D:9      | Reached skill level 3 in Invocations
  7800 | D:9      | 7800 ||| DRINKING potion of curing.
  7800 | D:9      | 7800 ||| (to cure confusion)
  7850 | D:9      | 7850 ||| Stepping ~*~*~tactically~*~*~ (hiding).
  7852 | D:9      | 7852 ||| Stepping ~*~*~tactically~*~*~ (hiding).
  7911 | D:9      | 7911 ||| INVOKING Heroism.
  8007 | D:9      | 8007 ||| READING scroll labelled ZAIFOL KEORE.
  8029 | D:9      | 8029 ||| INVOKING Heroism.
  8141 | D:8      | Found a shadowy altar of Dithmenos.
  8142 | D:8      | 8142 ||| Stepping randomly (stuck).
  8240 | D:9      | Found a stormy altar of Qazlal.
  8240 | D:9      | Found a shimmering altar of Xom.
  8474 | D:10     | Entered Level 10 of the Dungeon
  8484 | D:10     | Reached skill level 11 in Axes
  8486 | D:10     | 8486 ||| INVOKING Heroism.
  8500 | D:10     | Reached XP level 11. HP: 62/68 MP: 12/14
  8540 | D:10     | 8540 ||| INVOKING Heroism.
  8592 | D:10     | Reached *** piety under Okawaru
  8603 | D:10     | Noticed a two-headed ogre
  8604 | D:10     | 8604 ||| FLEEEEING.
  8605 | D:10     | 8605 ||| FLEEEEING.
  8606 | D:10     | 8606 ||| INVOKING Heroism.
  8616 | D:10     | Killed a two-headed ogre
  8616 | D:10     | Received a gift from Okawaru
  8661 | D:10     | 8661 ||| Stepping ~*~*~tactically~*~*~ (stealth).
  8663 | D:10     | 8663 ||| Stepping ~*~*~tactically~*~*~ (stealth).
  8666 | D:10     | 8666 ||| Stepping ~*~*~tactically~*~*~ (stealth).
  8668 | D:10     | 8668 ||| Stepping ~*~*~tactically~*~*~ (stealth).
  8689 | D:10     | Reached skill level 9 in Fighting
  8699 | D:10     | 8699 ||| INVOKING Heroism.
  8813 | D:10     | 8813 ||| Stepping ~*~*~tactically~*~*~ (stealth).
  8816 | D:10     | 8816 ||| Stepping ~*~*~tactically~*~*~ (hiding).
  8927 | D:10     | 8927 ||| INVOKING Heroism.
  8967 | D:10     | Found Yluch's Antique Armour Emporium.
  8971 | D:10     | 8971 ||| SHOPLISTING runed plate armour (988 gold, have
                  | 281).
  8972 | D:10     | 8972 ||| Stepping ~*~*~tactically~*~*~ (hiding).
  9082 | D:10     | 9082 ||| Stepping ~*~*~tactically~*~*~ (hiding).
  9083 | D:10     | 9083 ||| Stepping ~*~*~tactically~*~*~ (hiding).
  9093 | D:10     | 9093 ||| Stepping ~*~*~tactically~*~*~ (hiding).
  9102 | D:10     | 9102 ||| Stepping ~*~*~tactically~*~*~ (stealth).
  9179 | D:10     | 9179 ||| INVOKING Heroism.
  9201 | D:10     | 9201 ||| Stepping ~*~*~tactically~*~*~ (stealth).
  9202 | D:10     | 9202 ||| Stepping ~*~*~tactically~*~*~ (stealth).
  9212 | D:10     | 9212 ||| FLEEEEING.
  9213 | D:10     | 9213 ||| FLEEEEING.
  9214 | D:10     | 9214 ||| FLEEEEING.
  9216 | D:10     | 9216 ||| STAIRDANCE
  9277 | D:9      | 9277 ||| READING 2 scrolls of identify.
  9277 | D:9      | 9277 ||| IDENTIFYING purple potion
  9321 | D:10     | 9321 ||| INVOKING Heroism.
  9334 | D:10     | 9334 ||| Stepping ~*~*~tactically~*~*~ (stealth).
  9450 | D:10     | 9450 ||| Stepping ~*~*~tactically~*~*~ (hiding).
  9549 | D:10     | 9549 ||| Stepping ~*~*~tactically~*~*~ (stealth).
  9550 | D:10     | 9550 ||| Stepping ~*~*~tactically~*~*~ (stealth).
  9614 | D:10     | 9614 ||| INVOKING Heroism.
  9755 | D:11     | Noticed a cyclops
  9756 | D:11     | 9756 ||| INVOKING Heroism.
  9761 | D:11     | Killed a cyclops
  9906 | D:11     | Noticed a death yak
  9906 | D:11     | Noticed a death yak
  9907 | D:11     | 9907 ||| Stepping ~*~*~tactically~*~*~ (stealth).
  9908 | D:11     | 9908 ||| INVOKING Heroism.
  9922 | D:11     | Killed a death yak
  9926 | D:11     | Noticed a death yak
  9941 | D:11     | Killed a death yak
  9941 | D:11     | Received a gift from Okawaru
  9942 | D:11     | Reached skill level 12 in Axes
  9942 | D:11     | 9942 ||| INVOKING Heroism.
  9948 | D:11     | Killed a death yak
 10043 | D:11     | Found a staircase to the Lair.
 10087 | D:11     | Noticed a cyclops
 10088 | D:11     | 10088 ||| INVOKING Heroism.
 10096 | D:11     | Killed a cyclops
 10097 | D:11     | Reached skill level 9 in Armour
 10127 | D:11     | Found a transporter.
 10127 | D:11     | Found Kaummi's Distillery.
 10167 | D:11     | 10167 ||| INVOKING Heroism.
 10316 | D:11     | Found a transporter.
 10361 | D:11     | Found a portal to a secret trove of treasure.
 10433 | D:11     | Noticed Urug
 10434 | D:11     | 10434 ||| INVOKING Heroism.
 10445 | D:11     | Killed Urug
 10445 | D:11     | Reached **** piety under Okawaru
 10446 | D:11     | Reached skill level 6 in Shields
 10487 | D:11     | 10487 ||| PLANNING LAIR
 10487 | D:11     | 10487 ||| READING 2 scrolls of identify.
 10487 | D:11     | 10487 ||| IDENTIFYING ruby potion
 10488 | D:11     | 10488 ||| DRINKING potion of experience.
 10488 | D:11     | Reached XP level 12. HP: 79/79 MP: 14/17
 10557 | Lair:1   | Entered Level 1 of the Lair of Beasts
 10591 | Lair:1   | Noticed Joseph
 10606 | Lair:1   | Killed Joseph
 10645 | Lair:1   | 10645 ||| Stepping ~*~*~tactically~*~*~ (stealth).
 10646 | Lair:1   | 10646 ||| Stepping ~*~*~tactically~*~*~ (stealth).
 10647 | Lair:1   | 10647 ||| INVOKING Heroism.
 10651 | Lair:1   | Reached XP level 13. HP: 84/84 MP: 15/18
 10678 | Lair:1   | 10678 ||| INVOKING Heroism.
 10761 | Lair:1   | 10761 ||| INVOKING Heroism.
 10876 | Lair:1   | 10876 ||| Stepping ~*~*~tactically~*~*~ (water).
 10907 | Lair:1   | 10907 ||| Stepping ~*~*~tactically~*~*~ (stealth).
 10909 | Lair:1   | 10909 ||| Stepping ~*~*~tactically~*~*~ (stealth).
 10923 | Lair:1   | 10923 ||| INVOKING Heroism.
 10924 | Lair:1   | Received a gift from Okawaru
 11027 | Lair:1   | 11027 ||| Stepping ~*~*~tactically~*~*~ (stealth).
 11029 | Lair:1   | 11029 ||| INVOKING Heroism.
 11366 | Lair:1   | Received a gift from Okawaru
 11388 | Lair:1   | 11388 ||| INVOKING Heroism.
 11400 | Lair:1   | Reached skill level 13 in Axes
 11408 | Lair:1   | 11408 ||| FLEEEEING.
 11409 | Lair:1   | 11409 ||| FLEEEEING.
 11410 | Lair:1   | 11410 ||| FLEEEEING.
 11542 | Lair:1   | 11542 ||| INVOKING Heroism.
 11547 | Lair:1   | 11547 ||| FLEEEEING.
 11548 | Lair:1   | 11548 ||| FLEEEEING.
 11549 | Lair:1   | 11549 ||| FLEEEEING.
 11745 | Lair:1   | 11745 ||| INVOKING Heroism.
 11946 | Lair:1   | 11946 ||| INVOKING Heroism.
 12078 | Lair:1   | 12078 ||| INVOKING Heroism.
 12110 | Lair:1   | 12110 ||| INVOKING Heroism.
 12318 | Lair:1   | 12318 ||| INVOKING Heroism.
 12338 | Lair:1   | 12338 ||| INVOKING Heroism.
 12734 | Lair:1   | Found the amulet of the Four Winds {rN+ Will+++ Clar}
 12764 | Lair:1   | 12764 ||| READING scroll labelled FYCYRIHUOT.
 12805 | Lair:2   | 12805 ||| INVOKING Heroism.
 12819 | Lair:2   | Received a gift from Okawaru
 12836 | Lair:2   | 12836 ||| INVOKING Heroism.
 13141 | Lair:2   | Found a staircase to the Snake Pit.
 13181 | Lair:2   | 13181 ||| INVOKING Heroism.
 13355 | Lair:2   | 13355 ||| Stepping ~*~*~tactically~*~*~ (hiding).
 13884 | Lair:3   | 13884 ||| PLANNING GAUNTLET
 13922 | Lair:3   | Found a staircase to the Shoals.
 13947 | Lair:3   | 13947 ||| Stepping ~*~*~tactically~*~*~ (hiding).
 13962 | Lair:3   | Identified the +11 sling of Xaenehul {drain, Contam Will+
                  | Dex+2 SInv}
 14026 | Lair:3   | 14026 ||| READING scroll of enchant weapon.
 14026 | Lair:3   | 14026 ||| ENCHANTING +2 broad axe.
 14036 | Lair:3   | Found a runed translucent gate.
 14036 | Lair:3   | Found a runed translucent gate.
 14036 | Lair:3   | Found a runed translucent gate.
 14046 | Lair:3   | 14046 ||| Stepping ~*~*~tactically~*~*~ (stealth).
 14055 | Lair:3   | Reached skill level 14 in Axes
 14058 | Lair:3   | 14058 ||| INVOKING Heroism.
 14059 | Lair:3   | Received a gift from Okawaru
 14225 | Lair:3   | 14225 ||| INVOKING Heroism.
 14228 | Lair:3   | 14228 ||| Stepping ~*~*~tactically~*~*~ (stealth).
 14302 | Lair:3   | 14302 ||| INVOKING Heroism.
 14307 | Lair:3   | 14307 ||| Stepping ~*~*~tactically~*~*~ (stealth).
 14339 | Lair:3   | 14339 ||| RIP GAUNTLET
 14346 | Lair:3   | 14346 ||| PLANNING LAIR
 14638 | Lair:3   | 14638 ||| FLEEEEING.
 14754 | Lair:3   | 14754 ||| DROPPING +1 war axe of electrocution.
 14768 | Lair:3   | 14768 ||| Stepping ~*~*~tactically~*~*~ (hiding).
 14770 | Lair:3   | 14770 ||| INVOKING Heroism.
 14861 | Lair:3   | 14861 ||| INVOKING Heroism.
 14871 | Lair:3   | Reached skill level 9 in Invocations
 15229 | Lair:3   | Noticed qw's ghost (journeyman GrFi)
 15229 | Lair:3   | Noticed qw's ghost (journeyman GrFi)
 16060 | Lair:4   | 16060 ||| INVOKING Heroism.
 16093 | Lair:4   | 16093 ||| INVOKING Heroism.
 16142 | Lair:4   | 16142 ||| Stepping ~*~*~tactically~*~*~ (stealth).
 16149 | Lair:4   | 16149 ||| Stepping ~*~*~tactically~*~*~ (stealth).
 16151 | Lair:4   | 16151 ||| INVOKING Heroism.
 16153 | Lair:4   | 16153 ||| Stepping ~*~*~tactically~*~*~ (stealth).
 16160 | Lair:4   | Gained mutation: Your large and strong wings let you fly.
                  | [Gargoyle growth]
 16160 | Lair:4   | Reached XP level 14. HP: 90/90 MP: 18/20
 16169 | Lair:4   | 16169 ||| INVOKING Heroism.
 16179 | Lair:4   | HP: 12/90 [death yak (19)]
 16179 | Lair:4   | Slain by a death yak

Levels and vault maps discovered:
D:1:      pf_arrival_petrified_forest, layout_rooms
D:2:      layout_basic, serial_bayou_pond_d, uniq_jessica
D:3:      layout_basic, general_overflow_altar, zin_academy,
          kennysheep_orc_sif_temple, nicolae_kikubaaqudgha_miasma_corner,
          mainiacjoe_overflow_concentric_impassable, uniq_crazy_yiuf_cottage
D:4:      layout_basic, nemelex_altar_shiori
D:5:      layout_cave_pools, serial_rivers, chequers_serial_rivers_room_a,
          chequers_serial_rivers_large_a, chequers_serial_rivers_marsh,
          chequers_serial_rivers_micro_e, chequers_serial_rivers_small_b,
          uniq_sigmund, uniq_duvessa
D:6:      layout_gridville, minmay_temple_entry_nine_rooms, serial_shops, shop,
          shop, nicolae_shop_peninsula
D:7:      layout_cave_pools, tso_altar, overflow_temple_1_default, uniq_maggie,
          uniq_prince_ribbit1
D:8:      minmay_razor_zed, layout_loops_ring, eat_drink_and_be_merry_uskayaw,
          nicolae_overflow_hidden_temple, enter_ossuary_4
D:9:      layout_basic, mainiacjoe_overflow_alcove_1,
          nicolae_overflow_two_pavilions
D:10:     layout_basic, erik_orc_2, serial_shops, nicolae_shop_crystal
D:11:     layout_basic, dpeg_lair_monsters, enter_trove_0, serial_shops,
          nicolae_shop_drivethru, st_stairs_6, uniq_urug
Temple:   dpeg_three_leaves_temple
Lair:1:   minmay_lair_oklob_tunnel, layout_long_grid, serial_bayou,
          serial_bayou_shore_b, serial_bayou_pond_d, serial_bayou_shore_b,
          serial_bayou_lake_a, uniq_joseph
Lair:2:   layout_cave_pods, dummy_snake_entry
Lair:3:   layout_regular_city, shoals_dummy_entry, gauntlet_entry_generic,
          gammafunk_ghost_cemetery, infiniplex_staircase_pool,
          serial_bayou_shore_b, grunt_megastairs_2
Lair:4:   layout_gridlike, nicolae_slime_entry_slimehenge

Skill      XL: |  1  2  3  4  5  6  7  8  9 10 11 12 13 |
---------------+----------------------------------------+-----
Axes           | 2 3 4 5 7 8 10 11 12 14 | 14.8
Throwing       | 1 2 3 4 |  4.0
Dodging        | 1 2 |  2.3
Fighting       | 5 6 7 8 10 11 | 11.0
Armour         | 4 7 9 10 | 10.1
Shields        | 4 5 6 7 |  7.2
Invocations    | 4 7 9 |  9.5

Action                     |  1- 3 |  4- 6 |  7- 9 | 10-12 | 13-15 || total
---------------------------+-------+-------+-------+-------+-------++-------
  Melee: War axe           |    78 |   135 |   339 |       |       ||   552
         Broad axe         |       |       |    30 |   440 |   416 ||   886
  Throw: Javelin           |       |    13 |    28 |    20 |    63 ||   124
         Boomerang         |       |    10 |    42 |   101 |    23 ||   176
 Invoke: Heroism           |       |       |       |    20 |    24 ||    44
    Use: Scroll            |     3 |     8 |     6 |     7 |     2 ||    26
         Potion            |     2 |     2 |     3 |     3 |       ||    10
   Stab: Confused          |       |       |       |     1 |       ||     1
 Armour: Scale mail        |    57 |    18 |    89 |       |       ||   164
         Ring mail         |       |    66 |    24 |       |       ||    90
         Skin              |       |     1 |       |       |       ||     1
         Chain mail        |       |       |   149 |       |       ||   149
         Plate armour      |       |       |    44 |   279 |   191 ||   514
  Dodge: Dodged            |    51 |    73 |   197 |   140 |    72 ||   533
  Block: Buckler           |    20 |    20 |    79 |    79 |    72 ||   270

Table legend:
 A = Non-vault XP
 B = Vault XP
 C = Vault XP percentage of total XP
 D = Non-vault monster count
 E = Vault monster count
 F = Vault count percentage of total count
                 A         B        C        D         E       F
            +---------+---------+-------+---------+---------+-------
      Total |   32457 |   11681 |  26.5 |     309 |     102 |  24.8
            +---------+---------+-------+---------+---------+-------
        D:1 |      51 |       0 |   0.0 |      28 |       0 |   0.0
        D:2 |      45 |      37 |  45.1 |      18 |       1 |   5.3
        D:3 |     123 |      75 |  37.9 |      13 |       3 |  18.8
        D:4 |     507 |       0 |   0.0 |      27 |       0 |   0.0
        D:5 |     746 |     340 |  31.3 |      21 |       3 |  12.5
        D:6 |     673 |       0 |   0.0 |      15 |       0 |   0.0
        D:7 |    1147 |     659 |  36.5 |      29 |       2 |   6.5
        D:8 |     671 |    1829 |  73.2 |      22 |      13 |  37.1
        D:9 |    1775 |       0 |   0.0 |      18 |       0 |   0.0
       D:10 |    3450 |     427 |  11.0 |      35 |      17 |  32.7
       D:11 |    1221 |    3787 |  75.6 |       3 |      13 |  81.2
     Lair:1 |    3577 |    3358 |  48.4 |      18 |       8 |  30.8
     Lair:2 |    4935 |       0 |   0.0 |      20 |       0 |   0.0
     Lair:3 |    8750 |     798 |   8.4 |      32 |       4 |  11.1
     Lair:4 |    4786 |       0 |   0.0 |      10 |       0 |   0.0
    Ossuary |       0 |     371 | 100.0 |       0 |      38 | 100.0
            +---------+---------+-------+---------+---------+-------
